 Dungeon Crawl Stone Soup version 0.14-a0-1876-g927fc3a (webtiles) character file.

115 Jenx the Poker (level 4, -14/37 HPs)
             Began as a Hill Orc Skald on Jan 14, 2014.
             Demolished by a kobold
             ... wielding a +2,+0 short sword of electrocution
              (18 damage)
             ... on Level 3 of the Dungeon.
             The game lasted 00:05:03 (2127 turns).

Jenx the Poker (Hill Orc Skald)                     Turns: 2127, Time: 00:05:04

HP -14/37        AC  4     Str 14      XL: 4   Next: 31%
MP   6/6         EV 10     Int 13      God:
Gold 40          SH  0     Dex 10      Spells:  2 memorised,  3 levels left

rFire  . . .     SeeInvis .     a - +0 orc spear
rCold  . . .     Clarity  .     b - +0 orc leather armour
rNeg   . . .     Conserve .     (no shield)
rPois  .         rCorr    .     (no helmet)
rElec  .         rRot     .     (no cloak)
SustAb . .       Spirit   .     h - +0 pair of gloves (curse)
rMut   .         Warding  .     (no boots)
Saprov + . .     Stasis   .     (no amulet)
MR     .....                    (no ring)
                                (no ring)

@: mildly poisoned, not resistant to hostile enchantments, very unstealthy
A: saprovore 1
a: no special abilities


You were on level 3 of the Dungeon.
You were not hungry.

You visited 1 branch of the dungeon, and saw 3 of its levels.

You collected 40 gold pieces.

Inventory:

Hand weapons
 a - a +0,+0 orcish spear (weapon)
 k - a +2,+0 whip of pain
Missiles
 j - 32 darts (quivered)
Armour
 b - a +0 orcish leather armour (worn)
 h - a cursed +0 pair of gloves (worn)
Comestibles
 d - a meat ration
 g - 4 bread rations
 r - a rotting chunk of bat flesh
 v - 2 chunks of goblin flesh
Scrolls
 e - 3 scrolls of curse jewellery {unknown}
 f - a scroll of curse armour
 i - a scroll of enchant weapon II {unknown}
 o - a scroll of teleportation
 p - 2 scrolls of identify {unknown}
 q - 2 scrolls of fog {unknown}
 x - a scroll of remove curse {unknown}
Jewellery
 t - a +4 ring of dexterity {unknown}
Potions
 l - a potion of mutation {unknown}
 m - a potion of agility {unknown}
 n - a potion of restore abilities {unknown}
 s - a potion of magic {unknown}
 u - a potion of might {unknown}
 w - a potion of heal wounds {unknown}
Books
 c - a book of Battle

   Spells                             Type                      Level
   *Infusion                          Charms                       1
   *Shroud of Golubria                Charms/Translocation         2
   Song of Slaying                    Charms                       2
   Spectral Weapon                    Hexes/Charms                 3
   Regeneration                       Charms/Necromancy            3


   Skills:
 - Level 2.4 Fighting
 * Level 4.9 Polearms
 - Level 1.1 Armour
 - Level 0.7 Dodging
 - Level 1.5 Spellcasting
 - Level 2.6 Charms


You had 3 spell levels left.
You knew the following spells:

 Your Spells              Type           Power        Failure   Level  Hunger
a - Infusion              Chrm           #.....       10%         1    ##.....
b - Shroud of Golubria    Chrm/Tloc      #.........   24%         2    ###....


Dungeon Overview and Level Annotations

Branches:
Dungeon (3/16)

Altars:


Innate Abilities, Weirdness & Mutations

You can tolerate rotten meat.


Message History

Ouch! That really hurt!
* * * LOW HITPOINT WARNING * * *
You hit the kobold.
The kobold is moderately wounded.
* * * LOW HITPOINT WARNING * * *
You feel sick. The kobold hits you but does no damage.
You barely miss the kobold.
The kobold is moderately wounded.
The kobold hits you with a short sword of electrocution.
* * * LOW HITPOINT WARNING * * *
You hit the kobold but do no damage.
The kobold is moderately wounded.
Drink which item? (? for menu, Esc to quit)
Okay, then.
You hit the kobold.
The kobold is severely wounded.
The kobold hits you with a short sword of electrocution.
* * * LOW HITPOINT WARNING * * *
You are electrocuted!
You die...

. . .....
####.#...# #...
.....
#########.##.....#.
....?..K@.(........
#########(###....#[
#)# ..# #.# # #.#
#.### # #.#.. ..
#.#.# ....
#.#.######..#


You could see a kobold.

Vanquished Creatures
  Ijyb (D:2)
  An adder (D:2)
  A gnoll (D:1)
  A giant gecko (D:2)
  5 bats
  A giant cockroach (D:1)
  6 hobgoblins
  8 kobolds
  A quokka (D:2)
  7 goblins
  6 rats (D:1)
38 creatures vanquished.

Notes
Turn   | Place    | Note
--------------------------------------------------------------
     0 | D:1      | Jenx, the Hill Orc Skald, began the quest for the Orb.
     0 | D:1      | Reached XP level 1. HP: 18/18 MP: 2/2
   281 | D:1      | Reached skill level 3 in Polearms
   281 | D:1      | Reached XP level 2. HP: 25/25 MP: 3/3
   291 | D:1      | Learned a level 2 spell: Shroud of Golubria
   606 | D:1      | Reached XP level 3. HP: 22/30 MP: 5/5
   928 | D:1      | Reached skill level 4 in Polearms
  1421 | D:2      | Noticed Ijyb
  1440 | D:2      | Killed Ijyb
  1440 | D:2      | Reached XP level 4. HP: 34/37 MP: 4/6
  2127 | D:3      | Demolished by a kobold

Action                   |  1- 3 |  4- 6 || total
-------------------------+-------+-------++-------
Melee: Spear             |   118 |    53 ||   171
Throw: Dart              |     5 |     3 ||     8
 Cast: Shroud of Golubri |     2 |     1 ||     3
  Use: Scroll            |     3 |       ||     3
